 Dungeon Crawl Stone Soup version 0.19-a0-1021-g80cc50c (webtiles) character file.

383 Arkorax the Chopper (level 6, -7/48 HPs)
             Began as a Demonspawn Gladiator on July 27, 2016.
             Killed by divine providence
             ... invoked by an orc priest
              (15 damage)
             ... on level 4 of the Dungeon.
             The game lasted 00:04:16 (3324 turns).

Arkorax the Chopper (Demonspawn Gladiator)          Turns: 3324, Time: 00:04:17

Health: -7/48      AC:  6    Str: 16    XL:     6   Next: 47%
Magic:  0/6        EV: 13    Int:  9    God:
Gold:   136        SH:  0    Dex: 17    Spells: 0 memorised, 5 levels left

rFire  . . .     SeeInvis .     l - +4 Vampire's Tooth {vamp}
rCold  . . .     Gourm    .     A - +2 leather armour {rN+}
rNeg   + . .     Faith    .     (no shield)
rPois  .         Spirit   +     c - +0 helmet
rElec  .         Dismiss  .     (no cloak)
rCorr  .         Reflect  .     (no gloves)
SustAt .         Harm     .     (no boots)
MR     .....                    (no amulet)
Stlth  ++........               (no ring)
                                n - ring of flight

@: very slightly contaminated, hasted, very quick, not resistant to hostile
enchantments, unstealthy
A: thin skeletal structure 1, magic shield, rot immunity
a: Evoke Flight


You were on level 4 of the Dungeon.
You were not hungry.

You visited 1 branch of the dungeon, and saw 4 of its levels.

You collected 136 gold pieces.

Inventory:

Hand Weapons
 a - a +0 war axe
 e - a +2 dagger of venom
 l - the +4 Vampire's Tooth (weapon) {vamp}
   (You found it on level 4 of the Dungeon)

   It inflicts no extra harm, but heals its wielder somewhat when it strikes a
   living foe.
 m - a +1 whip of flaming
Missiles
 d - 2 throwing nets (quivered)
Armour
 b - a +0 leather armour
 c - a +0 helmet (worn)
 A - a +2 leather armour of positive energy (worn)
 C - an ice dragon hide
Jewellery
 n - a ring of flight (left hand)
Scrolls
 o - a scroll of identify
 x - 5 scrolls of remove curse
Potions
 g - 2 potions of mutation
 j - a potion of agility
 k - a potion of lignification {unknown}
 r - a potion of cancellation {unknown}
 t - a potion of berserk rage {unknown}
 w - a potion of resistance
Comestibles
 f - a bread ration
 q - 2 meat rations
 u - 2 beef jerkies


   Skills:
 + Level 3.8 Fighting
 * Level 2.1 Short Blades
 - Level 4.3 Axes
 - Level 1.7 Throwing
 + Level 1.9 Armour
 - Level 3.4 Dodging


You had 5 spell levels left.
You didn't know any spells.

Dungeon Overview and Level Annotations

Branches:
Dungeon (4/15)
 Temple: D:4-7

Altars:
Gozag
The Shining One

Portals:
Ossuary: D:4


Innate Abilities, Weirdness & Mutations

You have a somewhat thin skeletal structure. (Dex +2, Stealth)
When hurt, damage is shared between your health and your magic reserves.
You are immune to rotting.


Message History

The magic dart hits you! The orc wizard barely misses you.
The orc barely misses you.
You feel yourself speed up.
You hear the quick hiss of a very distant avalanche of sand.
The orc priest casts a cantrip, but nothing happens.
Something hits you.
The orc wizard casts a spell.
The orc wizard blinks!
The orc misses you.
You are very lightly contaminated with residual magic.
There is an open door here.
A puff of flame appears from out of thin air!
The puff of flame hits you!
* * * LOW HITPOINT WARNING * * *
A magic dart appears from out of thin air!
The magic dart hits you!
* * * LOW HITPOINT WARNING * * *
A giant newt comes into view.
The orc priest mumbles some strange prayers to Beogh against you.
Beogh smites you!
You die...

..........##..,,,,,,,..........#8
.....#'#+###.#**,#***#)#+####....
.....#.#.###.###.###**,,,,###....
.....#.#............,,,,,,+......
######...........#*****,,,###'##8
#######.##### *,,,#....##
#<###########+##...... ***
#####)##........o.##......
*8*****#........@.........'......
,,,,,,*#..........######.##......
,,,,,,*#..........######'##......
,,,,,,*#..........#..o...........
*8*,,,............#...[..........
***,,.............#..o...........
,,,,,....l........+............##
,,,,,.............#........###.#
,,,,,,,,,,,,,,,,,,#........# *,#


You could see an orc priest and a giant newt (wandering).

Vanquished Creatures
  An ogre (D:4)
  A scorpion (D:4)
  2 vampire bats (D:4)
  2 worker ants (D:4)
  2 adders
  An adder skeleton (D:4)
  A worm (D:2)
  A dart slug (D:4)
  3 giant geckos
  7 orcs
  3 ball pythons
  15 bats
  4 giant cockroaches
  10 goblins
  6 hobgoblins
  11 jackals
  A quokka (D:2)
  A giant gecko skeleton (D:4)
  2 giant newts (D:1)
  8 kobolds
  6 rats
88 creatures vanquished.

Notes
Turn   | Place    | Note
-------+----------+-------------------------------------------
     0 | D:1      | Arkorax the Demonspawn Gladiator began the quest for the Orb.
     0 | D:1      | Reached XP level 1. HP: 16/16 MP: 1/1
   283 | D:1      | Gained mutation: You have a somewhat thin skeletal structure. (Dex +2, Stealth) [demonic ancestry]
   283 | D:1      | Reached XP level 2. HP: 23/23 MP: 2/2
   302 | D:1      | Reached skill level 3 in Axes
   757 | D:1      | Reached XP level 3. HP: 28/28 MP: 3/3
  1255 | D:2      | Found an opulent altar of Gozag.
  1844 | D:2      | Reached XP level 4. HP: 17/34 MP: 4/4
  2726 | D:3      | Found a glowing golden altar of the Shining One.
  2990 | D:4      | Reached skill level 4 in Axes
  2990 | D:4      | Gained mutation: When hurt, damage is shared between your health and your magic reserves. [demonic ancestry]
  2990 | D:4      | Reached XP level 5. HP: 40/41 MP: 5/5
  3000 | D:4      | Reached skill level 1 in Armour
  3055 | D:4      | Found a sand-covered staircase.
  3108 | D:4      | Reached skill level 1 in Short Blades
  3143 | D:4      | Gained mutation: You are immune to rotting. [demonic ancestry]
  3143 | D:4      | Reached XP level 6. HP: 42/47 MP: 6/6
  3324 | D:4      | Killed from afar by an orc priest

Vault maps used:
D:1:      dpeg_arrival_sounds_slurp
D:2:      old_standard_altar
D:3:      nicolae_tso_carved_into_rock, first_bread, minmay_misc_feat_x
D:4:      enter_ossuary_1, serial_corexii_hall, corexii_hall_statues_x,
          corexii_hall_statues_l, minmay_guarded_unrand_vampires_tooth

Skill      XL: |  1  2  3  4  5  6 |
---------------+-------------------+-----
Axes           | 3 4 |  4.3
Dodging        | 3 |  3.4
Fighting       | 3 |  3.8
Armour         | 1 |  1.9
Short Blades   | 1 2 |  2.1
Throwing       | |  1.7

Action                   |  1- 3 |  4- 6 || total
-------------------------+-------+-------++-------
Melee: Dagger            |   132 |   138 ||   270
       War axe           |     5 |       ||     5
Throw: Throwing net      |     1 |       ||     1
  Use: Scroll            |       |    12 ||    12
       Potion            |       |     4 ||     4
 Stab: Sleeping          |     1 |     5 ||     6
  Eat: Chunk             |     3 |     1 ||     4
       Bread ration      |       |     2 ||     2
Armor: Leather armour    |    41 |    36 ||    77
Dodge: Dodged            |   106 |    98 ||   204
